 Dungeon Crawl Stone Soup version 0.21.1-1-g345015fe64 (webtiles) character file.

13593 Gargoyl the Cleaver (level 11, -4/93 HPs)
             Began as a Centaur Abyssal Knight on June 12, 2018.
             Was a Priest of Lugonu.
             Slain by a death yak (7 damage)
             ... on level 1 of the Lair of Beasts on June 13, 2018.
             The game lasted 00:24:42 (16719 turns).

Gargoyl the Cleaver (Centaur Abyssal Knight)       Turns: 16719, Time: 00:24:42

Health: -4/93      AC: 13    Str: 19    XL:     11   Next: 77%
Magic:  7/18       EV:  9    Int: 11    God:    Lugonu [***...]
Gold:   545        SH:  8    Dex: 10    Spells: 10/10 levels left

rFire    . . .     SeeInvis .   w - +4 hand axe (elec)
rCold    . . .     Gourm    .   y - +0 shield
rNeg     . . .     Faith    .   e - +4 robe "Guefoc" {rElec rCorr Str+2}
rPois    .         Spirit   .   v - +0 helmet
rElec    +         Reflect  .   q - +1 cloak
rCorr    +         Harm     .   n - +0 pair of gloves
MR       .....                  (no barding)
Stlth    +.........             x - amulet of magic regeneration
HPRegen  0.25/turn              (no ring)
MPRegen  0.41/turn              (no ring)

@: very quick
A: large, hooves 3, deformed body, speed 2, tough skin 3
a: Depart the Abyss, Bend Space, Banish, Renounce Religion


You were on level 1 of the Lair of Beasts.
You worshipped Lugonu.
Lugonu was most pleased with you.
You were not hungry.

You visited 2 branches of the dungeon, and saw 13 of its levels.
You visited the Abyss 1 time.
You also visited: Sewer.

You collected 545 gold pieces.

Inventory:

Hand Weapons
 a - a +2 hand axe
 w - a +4 hand axe of electrocution (weapon)
Missiles
 s - 2 javelins (quivered)
 z - 4 tomahawks
Armour
 e - the +4 robe "Guefoc" (worn) {rElec rCorr Str+2}
   (You found it on level 3 of the Abyss)

   It affects your strength (+2).
   It insulates you from electricity.
   It protects you from acid and corrosion.
 n - a +0 pair of gloves (worn)
 q - a +1 cloak (worn)
 v - a +0 helmet (worn)
 y - a +0 shield (worn)
Jewellery
 x - an amulet of magic regeneration (around neck)
 C - an uncursed amulet of faith {unknown}
Wands
 h - a wand of flame (22)
 r - a wand of iceblast (8)
 t - a wand of disintegration (7)
Scrolls
 b - 10 scrolls of remove curse
 d - 4 scrolls of amnesia
 m - 4 scrolls of magic mapping
 B - 2 scrolls of fear
 D - 2 scrolls of identify
 E - a scroll of blinking
 F - a scroll of fog
Potions
 g - 6 potions of curing
 i - a potion of magic
 j - 4 potions of flight
 k - 2 potions of haste
 l - 6 potions of brilliance
 p - 7 potions of agility
 A - a potion of resistance {unknown}
Books
 f - a book of Minor Magic

   Spells                             Type                      Level
   a - Magic Dart                     Conjuration                  1
   b - Blink                          Translocation                2
   c - Call Imp                       Summoning                    2
   d - Slow                           Hexes                        2
   e - Conjure Flame                  Conjuration/Fire             3
   f - Mephitic Cloud                 Conjuration/Poison/Air       3
 u - a book of Clouds

   Spells                             Type                      Level
   a - Poisonous Vapours              Poison/Air                   2
   b - Mephitic Cloud                 Conjuration/Poison/Air       3
   c - Conjure Flame                  Conjuration/Fire             3
   d - Freezing Cloud                 Conjuration/Ice/Air          6
   e - Ring of Flames                 Charms/Fire                  7
Comestibles
 c - 12 rations


   Skills:
 + Level 7.7 Fighting
 + Level 10.3 Axes
 + Level 1.6 Throwing
 * Level 6.0 Armour
 + Level 5.1 Dodging
 + Level 2.0 Shields
 * Level 9.8 Invocations
 + Level 0.5 Evocations


You had 10 spell levels left.
You didn't know any spells.

Dungeon Overview and Level Annotations

Branches:
Dungeon (11/15)            Temple (0/1) D:5            Lair (2/6) D:8
  Swamp: Lair:2-4    Shoals: Lair:2-4     Snake: Lair:2-4    Spider: Lair:2-4
    Orc: D:9-12

Altars:
Ashenzari
Cheibriados
Dithmenos
Fedhas
Hepliaklqana
Makhleb
Okawaru
Qazlal
Ru
Vehumet
Yredelemnul
Zin
The Shining One

Annotations:
D:11 Henning's ghost, journeyman MiFi


Innate Abilities, Weirdness & Mutations

You have hooves in place of feet.
Armour fits poorly on your strangely shaped body.
You cover ground very quickly.
You have extremely tough skin. (AC +3)


Message History

You kick the death yak, but do no damage.
The death yak is heavily wounded.
The death yak closely misses you.
You barely miss the death yak. You kick the death yak.
The death yak is heavily wounded.
The death yak gores you!!
* * * LOW HITPOINT WARNING * * *
You completely miss the death yak.
The death yak is heavily wounded.
The death yak gores you!!
* * * LOW HITPOINT WARNING * * *
Press: ? - help, Shift-Dir - straight line, f - death yak
Aim: a death yak (heavily wounded, chance to defeat MR: 23%)
The death yak resists with almost no effort.
You feel somewhat more hungry.
Press: ? - help, Shift-Dir - straight line, f/p - death yak
Aim: a death yak (heavily wounded, chance to defeat MR: 23%)
The death yak resists with almost no effort.
You feel somewhat more hungry. The death yak gores you!
You die...

##### ### ###
###########.#.###P###.###
........................#
...#.#....#...##@..#.##.#
...#......#.#..#Y..#.(#.##
...#.#.......).#.....##..#
.....#....#...P#.#...##.##
...#...........#.#.#..#.#
.#.#...##.#.....ยง#......#
.#.#.#..#.....##.P.#..#.#
.......P#b#.#.##...#.##.#
.P........#.#..#.#>#.#..#


You could see a death yak.

Vanquished Creatures
  A two-headed ogre (D:8)
  A death yak (Lair:1)
  An ugly thing (D:10)
  A black mamba (Lair:1)
  Joseph (D:8)
  5 spiny frogs
  Psyche (D:8)
  A komodo dragon (Lair:1)
  The ghost of Sapher the Grave Robber, an amateur GnNe of Cheibriados (D:9)
  2 hippogriffs
  7 yaks
  2 water moccasins (Lair:1)
  Duvessa (D:4)
  2 sky beasts
  3 porcupines (Lair:1)
  An orc warrior (D:11)
  2 ice beasts (D:8)
  2 black bears
  9 ogres
  A centaur (D:10)
  3 crocodiles (Lair:1)
  2 big kobolds
  10 bullfrogs
  Dowan (D:4)
  3 scorpions
  2 wights (D:11)
  6 killer bees
  4 howler monkeys
  A bullfrog zombie (D:5)
  3 crimson imps
  5 jellies
  2 centaur zombies (D:8)
  5 hounds
  5 orc priests
  Crazy Yiuf (D:7)
  Ijyb (D:4)
  3 centaur skeletons
  A bullfrog skeleton (D:5)
  Natasha (thrice) (D:4)
  3 iguanas
  12 orc wizards
  4 worker ants
  A hound zombie (D:11)
  A worker ant zombie (D:10)
  4 adders
  3 shadow imps
  2 oozes
  An adder skeleton (D:4)
  5 worms
  3 dart slugs
  6 leopard geckos
  37 orcs
  7 bats
  7 giant cockroaches
  7 goblins
  3 hobgoblins
  9 jackals
  5 quokkas
  5 ball pythons
  8 frilled lizards
  23 kobolds
  A quokka zombie (D:8)
  9 rats
272 creatures vanquished.

Vanquished Creatures (others)
  A death yak (Lair:1)
  A two-headed ogre (D:11)
  An unseen horror (D:11)
  An ugly thing (D:11)
  A gargoyle (D:10)
  A spiny frog (Lair:1)
  A komodo dragon (D:10)
  A hippogriff (D:7)
  A water moccasin (Lair:1)
  A porcupine (Lair:1)
  A fungus (D:8)
11 creatures vanquished.

Grand Total: 283 creatures vanquished

Notes
Turn   | Place    | Note
-------+----------+-------------------------------------------
     0 | Abyss:1  | Gargoyl the Centaur Abyssal Knight began the quest for the Orb.
     0 | Abyss:1  | Reached XP level 1. HP: 19/19 MP: 2/2
    20 | Abyss:3  | Got a shadowed robe
    31 | Abyss:3  | Identified the +4 robe "Guefoc" {rElec rCorr Str+2} (You found it on level 3 of the Abyss)
    51 | Abyss:3  | Noticed a worldbinder
    51 | D:1      | Escaped the Abyss
   139 | D:1      | Reached XP level 2. HP: 21/26 MP: 3/3
   230 | D:1      | Reached * piety under Lugonu
   237 | D:1      | Reached skill level 2 in Axes
   733 | D:1      | Reached XP level 3. HP: 30/31 MP: 4/4
   960 | D:2      | Found an iron altar of Okawaru.
  1393 | D:2      | Found a sacrificial altar of Ru.
  1858 | D:3      | Reached XP level 4. HP: 38/40 MP: 4/6
  1861 | D:3      | Reached ** piety under Lugonu
  1861 | D:3      | Reached skill level 1 in Dodging
  3060 | D:3      | Reached skill level 3 in Axes
  3117 | D:3      | Reached XP level 5. HP: 30/46 MP: 7/7
  3253 | D:4      | Noticed Duvessa
  3254 | D:4      | Noticed Dowan
  3276 | D:4      | Killed Duvessa
  3276 | D:4      | Reached XP level 6. HP: 13/52 MP: 8/8
  3282 | D:4      | Killed Dowan
  3503 | D:4      | Reached skill level 4 in Axes
  3952 | D:4      | Noticed Natasha
  3954 | D:4      | Found a shadowy altar of Dithmenos.
  3961 | D:4      | Killed Natasha
  3961 | D:4      | Reached XP level 7. HP: 34/60 MP: 9/9
  4309 | D:4      | Noticed Natasha
  4318 | D:4      | Killed Natasha
  4528 | D:4      | Found a glowing golden altar of the Shining One.
  4704 | D:4      | Found a snail-covered altar of Cheibriados.
  4732 | D:4      | Noticed Ijyb
  4787 | D:4      | Killed Ijyb
  4787 | D:4      | Reached skill level 5 in Axes
  5116 | D:4      | Found a blossoming altar of Fedhas.
  5219 | D:4      | Reached *** piety under Lugonu
  5317 | D:4      | Found a hazy altar of Hepliaklqana.
  5447 | D:4      | Noticed Natasha
  5478 | D:4      | Killed Natasha
  5638 | D:5      | Entered Level 5 of the Dungeon
  5674 | D:5      | Reached XP level 8. HP: 61/67 MP: 11/11
  5711 | D:5      | Found a shattered altar of Ashenzari.
  5780 | D:5      | Reached skill level 5 in Fighting
  5898 | D:5      | Reached skill level 6 in Axes
  5929 | D:5      | Found a staircase to the Ecumenical Temple.
  5973 | D:5      | Found a glowing drain.
  5981 | Sewer    | Entered a sewer
  6511 | D:5      | Found a radiant altar of Vehumet.
  6628 | D:5      | Found a burning altar of Makhleb.
  6854 | D:6      | Noticed a two-headed ogre
  6856 | D:6      | Banished a two-headed ogre
  6856 | D:6      | Reached skill level 5 in Invocations
  6981 | D:6      | Reached skill level 7 in Axes
  7451 | D:6      | Reached XP level 9. HP: 74/74 MP: 12/12
  8312 | D:7      | Reached **** piety under Lugonu
  8845 | D:7      | Reached skill level 8 in Axes
  9648 | D:7      | Found a runed door.
  9915 | D:7      | Found a glowing silver altar of Zin.
  9957 | D:7      | Noticed Crazy Yiuf
  9962 | D:7      | Killed Crazy Yiuf
 10051 | D:8      | Noticed Psyche
 10061 | D:8      | Killed Psyche
 10093 | D:8      | Found a staircase to the Lair.
 10324 | D:8      | Noticed Joseph
 10330 | D:8      | You fall through a shaft for 3 floors!
 10330 | D:11     | Noticed a two-headed ogre
 10354 | D:11     | Banished a two-headed ogre
 10354 | D:11     | Reached XP level 10. HP: 24/83 MP: 14/14
 10371 | D:11     | Noticed a brown ugly thing
 10396 | D:11     | Banished a brown ugly thing
 10822 | D:11     | Reached skill level 9 in Axes
 10869 | D:11     | Noticed Henning's ghost (journeyman MiFi)
 11239 | D:11     | Banished an unseen horror
 11259 | D:11     | Noticed an ogre mage
 11260 | D:11     | Noticed a two-headed ogre
 11275 | D:10     | Entered Level 10 of the Dungeon
 11331 | D:10     | HP: 1/84 [komodo dragon (25)]
 11619 | D:10     | Noticed a cyan ugly thing
 11635 | D:10     | Killed a cyan ugly thing
 11635 | D:10     | Reached skill level 1 in Throwing
 11882 | D:10     | Reached skill level 5 in Armour
 12345 | D:10     | Noticed a gargoyle
 12363 | D:10     | Banished a gargoyle
 12632 | D:9      | Noticed Sapher's ghost (amateur GnNe)
 12657 | D:9      | Killed Sapher's ghost
 12978 | D:8      | Killed Joseph
 13404 | D:8      | Found a basalt altar of Yredelemnul.
 13595 | D:8      | Found a stormy altar of Qazlal.
 13600 | D:8      | Noticed a two-headed ogre
 13601 | D:8      | Reached XP level 11. HP: 92/92 MP: 17/17
 13614 | D:8      | Killed a two-headed ogre
 13614 | D:8      | Reached skill level 1 in Shields
 13983 | Lair:1   | Entered Level 1 of the Lair of Beasts
 15179 | Lair:1   | Reached skill level 10 in Axes
 16098 | Lair:2   | Reached skill level 5 in Dodging
 16478 | Lair:2   | Noticed a death yak
 16479 | Lair:2   | Noticed a death yak
 16483 | Lair:2   | Noticed a death yak
 16485 | Lair:2   | Noticed a death yak
 16487 | Lair:2   | Noticed a death yak
 16503 | Lair:1   | Killed a death yak
 16705 | Lair:1   | Banished a death yak
 16713 | Lair:1   | HP: 1/93 [death yak (20)]
 16719 | Lair:1   | Slain by a death yak

Skill      XL: |  1  2  3  4  5  6  7  8  9 10 11 |
---------------+----------------------------------+-----
Axes           | 2 3 4 5 7 8 9 10 | 10.3
Dodging        | 1 2 3 4 5 |  5.1
Armour         | 2 3 4 5 6 |  6.0
Invocations    | 3 4 5 6 8 9 |  9.8
Fighting       | 4 5 6 7 |  7.7
Throwing       | 1 |  1.6
Shields        | 2 |  2.0
Evocations     | |  0.5

Action                   |  1- 3 |  4- 6 |  7- 9 | 10-12 || total
-------------------------+-------+-------+-------+-------++-------
Melee: Hand axe          |   118 |    96 |   414 |   421 ||  1049
       Kick              |    21 |    18 |   117 |   134 ||   290
Throw: Javelin           |       |       |     6 |    13 ||    19
Invok: Depart the Abyss  |     1 |       |       |       ||     1
       Banish            |       |       |     2 |    14 ||    16
       Bend Space        |       |       |       |     2 ||     2
Evoke: Wand              |       |     2 |       |       ||     2
  Use: Scroll            |     8 |       |    12 |     4 ||    24
       Potion            |     1 |     2 |     3 |     7 ||    13
  Eat: Chunk             |       |     5 |    14 |     5 ||    24
       Ration            |       |     1 |     1 |     5 ||     7
Armor: Robe              |    52 |    29 |   220 |   159 ||   460
Dodge: Dodged            |    49 |    31 |   228 |   156 ||   464
Block: Shield            |       |       |       |    82 ||    82
